 Dungeon Crawl Stone Soup version 0.28-a0-503-g83f2989fac (webtiles) character file.

Game seed: 10763513942504606406

169 serber55 the Digger (level 5, 0/34 HPs)
             Began as an Octopode Earth Elementalist on Sept 21, 2021.
             Slain by Terence (9 damage)
             ... on level 3 of the Dungeon.
             The game lasted 00:06:38 (3578 turns).

serber55 the Digger (Octopode Earth Elementalist)   Turns: 3578, Time: 00:06:38

Health: 0/34       AC:  1    Str:  9    XL:     5   Next: 50%
Magic:  8/9        EV: 13    Int: 17    God:
Gold:   61         SH:  0    Dex: 12    Spells: 2/10 levels left

rFire   . . .      SeeInvis .   i - +2 trident (protect)
rCold   . . .      Faith    .   (no shield)
rNeg    . . .      Spirit   .   (helmet restricted)
rPois   .          Reflect  .   (no amulet)
rElec   .          Harm     .   (no ring)
rCorr   .          Rampage  .   (no ring)
Will    .....                   (no ring)
Stlth   +++.......              (no ring)
HPRegen 0.11/turn               (no ring)
MPRegen 0.11/turn               (no ring)
                                (no ring)
                                (no ring)

@: no status effects
A: almost no armour, amphibious, 8 rings, camouflage 1, gelatinous body 1,
(nimble swimmer 1), tentacles
a: no special abilities


You were on level 3 of the Dungeon.
You visited 1 branch of the dungeon, and saw 3 of its levels.

You collected 61 gold pieces.

Inventory:

Hand Weapons
 i - a +2 trident of protection (weapon)
Missiles
 b - 30 stones
Jewellery
 e - a ring of see invisible
Scrolls
 h - a scroll of immolation {unknown}
Potions
 c - a potion of brilliance
 f - a potion of attraction


   Skills:
 + Level 2.2 Fighting
 - Level 2.0 Dodging
 - Level 2.6 Stealth
 + Level 3.0 Spellcasting
 + Level 1.8 Conjurations
 - Level 1.6 Transmutations
 + Level 4.0 Earth Magic


You had 2 spell levels left.
You knew the following spells:

 Your Spells              Type           Power      Damage    Failure   Level
a - Sandblast             Erth           32%        2d9       3%          1
b - Stone Arrow           Conj/Erth      24%        3d8       16%         3
c - Petrify               Tmut/Erth      12%        N/A       50%         4

Your spell library contained the following spells:

 Spells                   Type           Power      Damage    Failure   Level
 Passwall                 Tmut/Erth      10%        N/A       9%          2


Dungeon Overview and Level Annotations

Branches:
Dungeon (3/15)

Altars:

Annotations:
D:3 Terence


Innate Abilities, Weirdness & Mutations

You cannot wear most types of armour.
You are amphibious.
You can wear up to eight rings at the same time.
Your skin changes colour to match your surroundings (Stealth+).
Your rubbery body absorbs attacks. (AC +1, EV +1)
((You are camouflaged near water. (Stealth+)))
You have tentacles for arms and can constrict up to eight enemies at once.


Message History

The orc is severely wounded.
You barely miss the orc. Your grab misses the orc.
The orc is severely wounded.
The orc closely misses you.
You hit the orc but do no damage.
Your weapon exudes an aura of protection.
You grab the orc. You squeeze the orc.
You kill the orc!
Terence the Incautious comes into view.
He is wielding a +0 mace.
There is a stone staircase leading up, spattered with blood here.
Casting: Sandblast (safe; 3% risk of failure)
Confirm with . or Enter, or press ? or * to list all spells.
Aiming: Sandblast (safe; 3% risk of failure)
Press: ? - help, Shift-Dir - straight line, f - endoplasm
Aim: an endoplasm (98% to hit)
The blast of sand hits the endoplasm.
You kill the endoplasm!
Casting: Sandblast (safe; 3% risk of failure)
Confirm with . or Enter, or press ? or * to list all spells.
You can't see any susceptible monsters within range! (Use Z to cast anyway.)
You climb upwards.
There is a stone staircase leading down here.
You start resting.
Magic restored.
You climb downwards.
Level annotation: Terence Terence hits you with a +0 mace!
There is a stone staircase leading up, spattered with blood here.
Casting: Sandblast (safe; 3% risk of failure)
Confirm with . or Enter, or press ? or * to list all spells.
Aiming: Sandblast (safe; 3% risk of failure)
Press: ? - help, Shift-Dir - straight line, f - Terence
Aim: Terence, wielding a +0 mace and wearing a +0 scale mail (82% to hit)
The blast of sand misses Terence.
Terence hits you with a +0 mace!
You barely miss Terence. You grab Terence.
You constrict Terence, but do no damage.
Terence hits you with a +0 mace!
* * * LOW HITPOINT WARNING * * *
Terence hits you with a +0 mace!
You die...

...............
...............
.....!.....#
#........# .
###<..##.#
..####''......#
...$..........#
.........[....#
.......@........
........@.......
..######$.......
.....#.#+ .....#
.. .....# .
......# .....


You could see Terence.

Vanquished Creatures
  Natasha (thrice) (D:2)
  3 adders (D:2)
  A gnoll (D:1)
  A dart slug (D:1)
  9 orcs
  5 endoplasms
  2 giant cockroaches (D:1)
  3 hobgoblins
  2 quokkas (D:2)
  4 ball pythons
  2 bats
  2 frilled lizards (D:2)
  3 goblins
  5 kobolds (D:1)
  6 rats (D:1)
51 creatures vanquished.

Notes
Turn   | Place    | Note
-------+----------+-------------------------------------------
     0 | D:1      | serber55 the Octopode Earth Elementalist began the quest
                  | for the Orb.
     0 | D:1      | Reached XP level 1. HP: 11/11 MP: 3/3
   292 | D:1      | Found a faded altar of an unknown god.
   575 | D:1      | Reached XP level 2. HP: 18/18 MP: 5/5
  1060 | D:1      | Reached skill level 1 in Fighting
  1104 | D:1      | Reached XP level 3. HP: 20/23 MP: 4/6
  1110 | D:1      | Learned a level 3 spell: Stone Arrow
  1601 | D:2      | Noticed Natasha
  2081 | D:2      | Killed Natasha
  2082 | D:2      | Reached skill level 1 in Conjurations
  2082 | D:2      | Reached XP level 4. HP: 28/28 MP: 3/7
  2111 | D:2      | Learned a level 4 spell: Petrify
  2495 | D:2      | Noticed Natasha
  2504 | D:2      | Killed Natasha
  2505 | D:2      | Reached XP level 5. HP: 31/34 MP: 6/9
  2942 | D:2      | Noticed Natasha
  2948 | D:2      | Killed Natasha
  3388 | D:2      | Reached skill level 4 in Earth Magic
  3552 | D:3      | Noticed Terence
  3578 | D:3      | Slain by Terence

Illustrated notes

Levels and vault maps discovered:
D:1:      dpeg_arrival_pits, layout_loops_ring, basic_ecumenical_altar,
          minmay_misc_feat_plants, chequers_serial_rivers_micro_a,
          minmay_misc_feat_alley
D:2:      layout_basic, uniq_natasha
D:3:      layout_basic, mainiacjoe_overflow_paths, uniq_terence

Skill      XL: |  1  2  3  4  5 |
---------------+----------------+-----
Fighting       | 1 2 |  2.2
Conjurations   | 1 |  1.8
Spellcasting   | 3 |  3.0
Earth Magic    | 4 |  4.0
Dodging        | |  2.0
Stealth        | |  2.6
Transmutations | |  1.6

Action                   |  1- 3 |  4- 6 || total
-------------------------+-------+-------++-------
Melee: Club              |     9 |       ||     9
       Unarmed           |     6 |       ||     6
       Constrict         |    11 |     9 ||    20
       Dagger            |    33 |     9 ||    42
       Tentacles         |     6 |     5 ||    11
       Trident           |       |    20 ||    20
 Cast: Sandblast         |    23 |    19 ||    42
  Use: Scroll            |       |     4 ||     4
 Stab: Sleeping          |     4 |     2 ||     6
Armor: Skin              |     3 |     5 ||     8
Dodge: Dodged            |    15 |    24 ||    39

Table legend: (Time is in decaauts)
 A = Elapsed time spent in this place.
 B = Non-inter-level travel time spent in this place.
 C = Inter-level travel time spent in this place.
 D = Time resting spent in this place.
 E = Time spent auto-exploring this place.
 F = Levels seen in this place.
 G = Mean time per level.
                   A        B        C        D        E       F      G
               +--------+--------+--------+--------+--------+-----+--------+
         Total |   3600 |   3402 |    198 |   1105 |   1885 |   3 | 1200.0 |
       Dungeon |   3600 |   3402 |    198 |   1105 |   1885 |   3 | 1200.0 |
               +--------+--------+--------+--------+--------+-----+--------+

Top non-repeatable levels by time:
     D:1: 1904 daAuts
     D:2: 1664 daAuts
     D:3: 32 daAuts
